AoeStats
← vikingo

Fortress

510198291Analyzed
3v3 RM · 4d ago on Sep 29, 2026· 41m 3s· 6 players
Game mode
Random Map
Map size
Large (8 player)
Population
200
Speed
Normal
Resources
Standard
Victory
Conquest
Starting age
Dark Age
Ending age
Imperial Age
RankedLock teamsTeams togetherTeam positionsShared explorationLock speedFull tech treeHidden civsTurbo modeCheats
Victory
Defeat
🇬🇧 Jurchens · United Kingdom
1199
+11
🇬🇧 Saxons · United Kingdom
1188
+11
🇰🇿 Saxons · Kazakhstan
1147
+13
🇳🇿 Japanese · New Zealand
1148
-15
🇨🇴 Vikings · Colombia
1056
-11
🇨🇴 Goths · Colombia
1022
-9
yopponti
8:27 Feudal Age
12:38 Castle Age
10:28 Double-Bit Axe
10:30 Horse Collar
12:11 Loom
13:54 Gold Mining
16:42 Wheelbarrow
21:41 Crossbowman
27:03 Imperial Age
25:52 Fletching
26:26 Heavy Plow
27:44 Scale Mail Armor
27:55 Forging
27:40 Bodkin Arrow
28:47 Squires
29:52 Chain Mail Armor
30:13 Iron Casting
29:31 Gambesons
30:20 Ballistics
30:11 Fortified Wall
33:16 Imperial Age
31:49 Masonry
31:32 Guard Tower
31:53 Masonry
31:38 Murder Holes
34:25 Elite Varangian Guard
35:34 Arson
39:26 Keep
biodegradable plastic
8:30 Feudal Age
8:50 Horse Collar
8:56 Double-Bit Axe
13:19 Castle Age
14:17 Bow Saw
25:16 Wheelbarrow
26:30 Siege Engineers
29:47 Hand Cart
32:06 Imperial Age
30:31 Ballistics
31:39 Loom
32:53 Gold Mining
33:03 Heavy Rocket Cart
35:37 Chemistry
35:16 Capped Ram
36:45 Stone Mining
37:04 Heavy Plow
38:07 Two-Man Saw
41:17 Conscription
The Laughing Storm
8:46 Feudal Age
9:45 Double-Bit Axe
9:43 Horse Collar
12:53 Castle Age
14:36 Bow Saw
15:17 Heavy Plow
17:52 Gold Mining
20:03 Wheelbarrow
19:34 Fletching
20:28 Thumb Ring
21:39 Crossbowman
22:38 Bodkin Arrow
23:34 Padded Archer Armor
24:20 Ballistics
24:37 Hand Cart
29:11 Imperial Age
27:44 Scale Mail Armor
29:49 Gold Shaft Mining
29:19 Squires
29:05 Gambesons
29:05 Arson
29:37 Chain Mail Armor
29:32 Forging
29:09 Treadmill Crane
29:28 Elite Varangian Guard
30:11 Bracer
31:15 Chemistry
29:58 Arbalester
31:34 Conscription
32:29 Plate Mail Armor
32:34 Iron Casting
40:26 Shield Wall
vikingo
8:06 Feudal Age
11:29 Castle Age
10:08 Double-Bit Axe
11:09 Forging
11:36 Horse Collar
24:41 Imperial Age
28:35 Conscription
30:18 Fletching
31:09 Bodkin Arrow
36:41 Bow Saw
jgom974
7:20 Feudal Age
10:27 Double-Bit Axe
13:05 Castle Age
11:29 Forging
12:05 Horse Collar
13:09 Scale Mail Armor
13:07 Gold Mining
20:34 Anarchy
23:29 Wheelbarrow
23:17 Husbandry
23:46 Heavy Plow
27:16 Hand Cart
30:49 Imperial Age
28:49 Scale Barding Armor
30:08 Fletching
31:26 Cavalier
32:18 Bloodlines
34:24 Chain Barding Armor
36:23 Chemistry
36:06 Conscription
36:31 Masonry
36:59 Iron Casting
sT_Sr. Manco
8:27 Feudal Age
10:01 Feudal Age
15:26 Castle Age
14:56 Arson
15:23 Forging
15:14 Scale Mail Armor
15:13 Gold Mining
15:10 Double-Bit Axe
15:14 Horse Collar
15:29 Stone Mining
18:29 Chain Mail Armor
18:31 Bow Saw
18:08 Loom
18:09 Town Watch
18:33 Squires
21:54 Gold Shaft Mining
21:21 Heavy Plow
28:11 Iron Casting
30:21 Imperial Age
28:33 Town Patrol
33:36 Plate Mail Armor
34:48 Conscription
34:04 Elite Berserk
38:12 Blast Furnace
41:12 Fletching
41:23 Padded Archer Armor
Connection lost

Rejoining the realm…

Still unreachable

The connection could not be restored.

Session expired

The server has moved on; the page needs a fresh start.